 Dungeon Crawl Stone Soup version 0.19.1 (webtiles) character file.

1338 LORDOFBUTT the Blocker (level 8, 0/63 HPs)
             Began as a Formicid Fighter on Dec 27, 2016.
             Was an Initiate of Gozag.
             Slain by a worker ant (5 damage)
             ... on level 6 of the Dungeon.
             The game lasted 00:09:17 (6025 turns).

LORDOFBUTT the Blocker (Formicid Fighter)           Turns: 6025, Time: 00:09:18

Health: 0/63       AC:  7    Str: 22    XL:     8   Next: 93%
Magic:  8/8        EV:  9    Int:  7    God:    Gozag
Gold:   295        SH: 11    Dex: 12    Spells: 0 memorised, 7 levels left

rFire  . . .     SeeInvis +     a - +0 war axe
rCold  + . .     Gourm    .     b - +0 scale mail
rNeg   . . .     Faith    .     c - +0 shield
rPois  .         Spirit   .     (helmet unavailable)
rElec  .         Reflect  .     (no cloak)
rCorr  .         Harm     .     (no gloves)
MR     .....                    (no boots)
Stlth  ..........               (no amulet)
                                (no ring)
                                v - ring of protection from cold

@: gold aura
A: permanent stasis, dig shafts and tunnels, four strong arms, antennae 3
a: Dig, Shaft Self, Potion Petition, Call Merchant, Bribe Branch, Renounce
Religion


You were on level 6 of the Dungeon.
You worshipped Gozag.
Gozag was aware of your devotion.
You were not hungry.

You visited 2 branches of the dungeon, and saw 7 of its levels.
You also visited: Sewer and Ossuary.

You collected 406 gold pieces.
You paid 111 gold pieces to Gozag.

Inventory:

Hand Weapons
 a - a +0 war axe (weapon)
 C - a +0 blowgun
Missiles
 E - 7 curare-tipped needles
 F - 5 needles of sleeping
Armour
 b - a +0 scale mail (worn)
 c - a +0 shield (worn)
Jewellery
 v - a ring of protection from cold (left hand)
Wands
 y - a wand of flame (19/48)
Scrolls
 e - 7 scrolls of identify {unknown}
 g - a scroll of recharging {unknown}
 h - 3 scrolls of magic mapping {unknown}
 i - 4 scrolls of teleportation {unknown}
 j - 2 scrolls of random uselessness {unknown}
 k - 2 scrolls of noise {unknown}
 l - a scroll of enchant weapon {unknown}
 p - 2 scrolls of enchant armour {unknown}
 q - 4 scrolls of remove curse {unknown}
 r - 2 scrolls of amnesia {unknown}
 t - a scroll of blinking {unknown}
 x - 2 scrolls of fear {unknown}
Potions
 d - a potion of flight {unknown}
 m - 7 potions of curing {unknown}
 n - 7 potions of brilliance {unknown}
 o - 2 potions of mutation {unknown}
 s - 4 potions of might
 w - a potion of degeneration {unknown}
 z - a potion of heal wounds {unknown}
 A - a potion of haste {unknown}
 D - a potion of magic {unknown}
Books
 B - the Catalogue of Freezing Curses
   (You found it on level 5 of the Dungeon)

   Spells                             Type                      Level
   a - Ensorcelled Hibernation        Hexes/Ice                    2
   b - Throw Icicle                   Conjuration/Ice              4
   c - Summon Ice Beast               Ice/Summoning                4
   d - Summon Mana Viper              Hexes/Summoning              5
   e - Silence                        Hexes/Air                    5
Comestibles
 f - 4 bread rations
 u - a meat ration


   Skills:
 + Level 5.5 Fighting
 * Level 6.2 Axes
 + Level 5.5 Armour
 * Level 8.0 Shields


You had 7 spell levels left.
You didn't know any spells.

Dungeon Overview and Level Annotations

Branches:
Dungeon (6/15)             Temple (1/1) D:5

Altars:
Ashenzari
Cheibriados
Dithmenos
Elyvilon
Fedhas
Gozag
Hepliaklqana
Kikubaaqudgha
Nemelex Xobeh
Okawaru
Trog
Uskayaw
Vehumet
Xom
Yredelemnul
Zin
The Shining One


Innate Abilities, Weirdness & Mutations

You are under a permanent stasis effect.
You can dig through walls and to a lower floor.
Your four strong arms can wield two-handed weapons with a shield.
You have a pair of large antennae on your head. (SInv)


Message History

The orc warrior is distracted by the nearby gold.
The orc warrior shouts!
Okay, then. [a] - 0 gold - heal wounds, curing and magic [b] - 0 gold - haste and flight [c] - 0 gold - resistance, might, haste and agility Purchase which effect?
You feel much better.
You feel better. Magic courses through your body. The worker ant misses you.
Unknown command.
You hit the orc warrior but do no damage.
The orc warrior is no longer distracted by gold.
The orc warrior is almost dead.
You closely miss the worker ant.
The worker ant bites you but does no damage.
The orc warrior hits you with a battleaxe of chopping!!
* * * LOW HITPOINT WARNING * * *
x2 The worker ant bites you.
You die...
Your body crumbles into a pile of gold.

$ .# .# .# .# ####.#
....#####.#.#
####.##oa......
###......@# ##...##.##.#
##.....#.##.# #
..............# .#
#..#.....#.##.#........##
.. ##...##.##.#..........
. ##........#.##.#...#
#..###.#....##.#...#
........#.##.##.#...####


You could see an orc warrior and a worker ant.

Vanquished Creatures
  Sigmund (D:4)
  The ghost of LORDOFBUTT the Shield-Bearer, an amateur FoFi (D:3)
  An ogre (D:4)
  2 centaurs
  2 elf zombies (D:4)
  2 elf skeletons (D:4)
  A human zombie (D:4)
  A centaur skeleton (D:4)
  2 orc priests
  An orc wizard (D:6)
  3 worker ants
  3 mummies (Ossuary)
  7 adders
  4 river rats (D:5)
  3 adder zombies (Ossuary)
  5 worms
  3 dart slugs
  6 leopard geckos
  17 orcs
  3 ball pythons
  7 giant cockroaches
  A gnoll zombie (Ossuary)
  12 goblins
  11 hobgoblins
  11 jackals
  26 kobolds
  3 quokkas
  9 bats
  12 frilled lizards
  2 goblin zombies (Ossuary)
  3 hobgoblin zombies (Ossuary)
  A kobold zombie (Ossuary)
  A leopard gecko zombie (D:5)
  An orc zombie (D:4)
  6 quokka zombies (Ossuary)
  12 rats
  2 rat zombies (Ossuary)
  2 plants (Sewer)
190 creatures vanquished.

Vanquished Creatures (others)
  3 plants
3 creatures vanquished.

Grand Total: 193 creatures vanquished

Notes
Turn   | Place    | Note
-------+----------+-------------------------------------------
     0 | D:1      | LORDOFBUTT the Formicid Fighter began the quest for the Orb.
     0 | D:1      | Reached XP level 1. HP: 18/18 MP: 1/1
    54 | D:1      | Reached XP level 2. HP: 23/24 MP: 2/2
   227 | D:1      | Reached skill level 4 in Shields
   244 | D:1      | Reached XP level 3. HP: 26/29 MP: 3/3
   357 | D:1      | Found a shattered altar of Ashenzari.
   884 | D:2      | Reached XP level 4. HP: 35/36 MP: 4/4
  1477 | D:3      | Reached skill level 5 in Shields
  1477 | D:3      | Reached XP level 5. HP: 27/41 MP: 5/5
  2116 | D:3      | Noticed LORDOFBUTT's ghost (amateur FoFi)
  2127 | D:3      | Killed LORDOFBUTT's ghost
  2127 | D:3      | Reached XP level 6. HP: 24/48 MP: 6/6
  2636 | D:4      | Reached skill level 6 in Shields
  2636 | D:4      | Reached XP level 7. HP: 55/55 MP: 7/7
  2679 | D:4      | Found a sand-covered staircase.
  2814 | Ossuary  | Entered an ossuary
  3351 | D:4      | Noticed Sigmund
  3356 | D:4      | Reached skill level 5 in Axes
  3356 | D:4      | Reached skill level 5 in Armour
  3356 | D:4      | Reached XP level 8. HP: 56/61 MP: 8/8
  3366 | D:4      | Killed Sigmund
  3366 | D:4      | Reached skill level 5 in Fighting
  3366 | D:4      | Reached skill level 7 in Shields
  3425 | D:4      | Found a radiant altar of Vehumet.
  3552 | D:4      | Found a glowing silver altar of Zin.
  3552 | D:4      | Found a white marble altar of Elyvilon.
  3552 | D:4      | Found an iron altar of Okawaru.
  3586 | D:4      | Found a sparkling altar of Nemelex Xobeh.
  3586 | D:4      | Found a shadowy altar of Dithmenos.
  3931 | D:5      | Entered Level 5 of the Dungeon
  3955 | D:5      | Found a staircase to the Ecumenical Temple.
  3957 | D:5      | Identified the Catalogue of Freezing Curses
  3998 | D:5      | Found a glowing drain.
  4060 | Sewer    | Entered a sewer
  5055 | D:5      | Found a blossoming altar of Fedhas.
  5691 | Temple   | Entered the Ecumenical Temple
  5928 | Temple   | Became a worshipper of Gozag Ym Sagoz the Greedy
  5968 | D:6      | Reached skill level 8 in Shields
  6025 | D:6      | Slain by a worker ant

Skill      XL: |  1  2  3  4  5  6  7  8 |
---------------+-------------------------+-----
Shields        | 4 5 6 8 |  8.0
Axes           | 3 4 5 6 |  6.2
Armour         | 4 5 |  5.5
Fighting       | 4 5 |  5.5

Action                   |  1- 3 |  4- 6 |  7- 9 || total
-------------------------+-------+-------+-------++-------
Melee: War axe           |   109 |   193 |   376 ||   678
Invok: Potion Petition   |       |       |     1 ||     1
  Use: Potion            |       |     1 |     1 ||     2
  Eat: Chunk             |       |     5 |     5 ||    10
       Pizza             |       |     1 |       ||     1
       Fruit             |       |       |     3 ||     3
       Bread ration      |       |       |     1 ||     1
Armor: Scale mail        |    52 |    60 |    86 ||   198
Dodge: Dodged            |    49 |    62 |   110 ||   221
Block: Shield            |    62 |   100 |   194 ||   356
